 Dungeon Crawl Stone Soup version 0.30-a0-939-gc8157cb160 (webtiles) character file.

Game seed: 17609541837499418570

1501815 ragingrage the Invulnerable (level 26, 213/230 HPs)
             Began as a Barachi Gladiator on Mar 25, 2023.
             Was a High Priest of Trog.
             Escaped with the Orb
             ... and 3 runes on Mar 26, 2023!
             The game lasted 02:33:40 (83747 turns).

ragingrage the Invulnerable (Barachi Gladiator)    Turns: 83747, Time: 02:33:40

Health: 213/230    AC: 44    Str: 20    XL:     26   Next: 94%
Magic:  24/24      EV: 27    Int: 12    God:    Trog [*****.]
Gold:   5740       SH:  0    Dex: 20    Spells: 25/25 levels left

rFire   + . .      SeeInvis +    a - +9 triple sword (vamp)
rCold   + . .      Faith    .    (shield currently unavailable)
rNeg    + . .      Spirit   +    N - +9 pearl dragon scales
rPois   +          Reflect  .    K - +3 crown of Dyrovepreva {rElec Int+2 SInv}
rElec   +          Rampage  +    i - scarf {rC+ rF+}
rCorr   +                        W - +4 pair of gloves of Polytheism {rPois Regen+ Int-2}
Will    ++...                    R - +2 pair of boots {Fly}
Stlth   +                        Z - amulet of the Lobster {Spirit Rampage Fly Int+2}
HPRegen 1.38/turn                B - ring of Zudo Yrphu {Will+ rCorr Slay+3 SInv}
MPRegen 0.19/turn                x - +5 ring of evasion

@: flying, slow
A: amphibious, slowness 1, strong legs 2, +LOS, hooves 1, horns 1
0: Orb of Zot
}: 3/15 runes: barnacled, abyssal, gossamer
a: Hop, Renounce Religion, Berserk, Trog's Hand, Brothers in Arms


You escaped.
You worshipped Trog.
Trog was extremely pleased with you.
You visited 10 branches of the dungeon, and saw 49 of its levels.
You visited the Abyss 3 times.
You also visited: Trove and Ice Cave.

You collected 7488 gold pieces.
You spent 1748 gold pieces at shops.

Inventory:

Hand Weapons
 a - a +9 vampiric triple sword (weapon)
 b - a +6 arbalest of freezing
 c - a +5 antimagic great sword
Missiles
 d - 10 throwing nets
 u - 30 poisoned darts (quivered)
 T - 11 curare-tipped darts
 Y - 13 silver javelins
Armour
 i - a scarf of resistance (worn)
 K - the +3 crown of Dyrovepreva (worn) {rElec Int+2 SInv}
   (You bought it in a shop on level 2 of the Elven Halls)

   Int:       It affects your intelligence (+2).
   rElec:     It insulates you from electricity.
   SInv:      It lets you see invisible.
 N - +9 pearl dragon scales (worn)
 R - a +2 pair of boots of flying (worn)
 W - the +4 pair of gloves of Polytheism (worn) {rPois Regen+ Int-2}
   (You acquired it on level 2 of the Vaults)

   Int:       It affects your intelligence (-2).
   rPois:     It protects you from poison.
   Regen:     It increases your rate of health regeneration.
Jewellery
 x - a +5 ring of evasion (right hand)
 B - the ring of Zudo Yrphu (left hand) {Will+ rCorr Slay+3 SInv}
   (You found it in a treasure trove)

   [ring of see invisible]

   Slay:      It affects your accuracy & damage with ranged weapons and melee
   (+3).
   SInv:      It lets you see invisible.
   rCorr:     It protects you from acid and corrosion.
   Will:      It increases your willpower.
 I - the ring "Lidomede" {Wiz rF+ rCorr Int+3}
   (You found it on level 2 of the Realm of Zot)

   [ring of wizardry]

   It improves your spell success rate.
   Int:       It affects your intelligence (+3).
   rF:        It protects you from fire.
   rCorr:     It protects you from acid and corrosion.
 M - the amulet "Uhaullyc" {rF+ Regen+}
   (You took it off a deep elf annihilator on level 3 of the Elven Halls)

   [amulet of regeneration]

   rF:        It protects you from fire.
   Regen:     It increases your rate of health regeneration.
 Z - the amulet of the Lobster (around neck) {Spirit Rampage Fly Int+2}
   (You found it on level 10 of the Dungeon)

   [amulet of guardian spirit]

   It causes incoming damage to be divided between your reserves of health and
   magic.
   Int:       It affects your intelligence (+2).
   Fly:       It grants you flight.
   Rampage:   It bestows one free step when moving towards enemies.
Wands
 f - a wand of flame (30)
 j - a wand of mindburst (28)
 l - a wand of polymorph (14)
 A - a wand of digging (3)
 J - a wand of iceblast (22)
 U - a wand of quicksilver (26)
 V - a wand of charming (31)
Scrolls
 e - 5 scrolls of magic mapping
 m - 8 scrolls of fear
 n - 5 scrolls of fog
 p - 12 scrolls of poison
 q - 19 scrolls of teleportation
 z - 13 scrolls of immolation
 G - 8 scrolls of blinking
 H - a scroll of silence
 P - 5 scrolls of summoning
 Q - 9 scrolls of vulnerability
Potions
 g - 4 potions of attraction
 h - 9 potions of ambrosia
 k - 8 potions of lignification
 o - 8 potions of magic
 s - 3 potions of invisibility
 t - 17 potions of heal wounds
 v - 8 potions of might
 w - 15 potions of flight
 C - 2 potions of resistance
 E - 15 potions of curing
 F - 6 potions of haste
 S - 3 potions of cancellation
Miscellaneous
 r - a phial of floods
 y - a condenser vane
 L - a lightning rod (4/4)
 O - a box of beasts
 X - a tin of tremorstones (2/2)


   Skills:
 + Level 23.6 Fighting
 - Level 8.9(15.4) Short Blades
 - Level 21.3(22.0) Long Blades
 - Level 18.0 Ranged Weapons
 - Level 14.7 Throwing
 O Level 27 Armour
 + Level 18.1 Dodging
 - Level 9.0 Stealth
 - Level 2.0 Invocations
 - Level 20.0 Evocations


You had 25 spell levels left.
You didn't know any spells.
Your spell library contained the following spells:

 Spells                   Type           Power      Damage    Failure   Level
 Ozocubu's Armour         Ice            0%         N/A       86%         3
 Ozocubu's Refrigeration  Ice            0%         4d7       100%        7


Dungeon Overview and Level Annotations

Branches:
Dungeon (15/15)            Temple (0/1) D:6            Lair (5/5) D:10
 Shoals (4/4) Lair:2       Spider (4/4) Lair:2        Slime (3/5) Lair:5
    Orc (2/2) D:9             Elf (3/3) Orc:2        Vaults (4/5) D:14
  Crypt (0/3) Vaults:3     Depths (4/4) D:15            Zot (5/5) Depths:4
  IceCv (visited)

Altars:
Ashenzari
Cheibriados
Dithmenos
Gozag
Hepliaklqana
Kikubaaqudgha
Nemelex Xobeh
Qazlal
Ru
Sif Muna
Trog
Vehumet
Wu Jian
Yredelemnul
Zin
The Shining One
Jiyva

Shops:
Orc:2 (*[(=   Elf:2 *   Shoals:3 =   Vaults:3 *   Vaults:4 :((([   Depths:2 [[

Portals:
Hell: Depths:1 Depths:2 Depths:3 Depths:4
Abyss: Depths:3
Pandemonium: Depths:2
Ziggurat: Depths:4

Annotations:
D:5 exclusion: upstairs
Lair:1 Ice Dragon
Lair:5 exclusion: obsidian statue
Shoals:1 exclusion: downstairs
Shoals:2 exclusion: 2 downstairs
Spider:1 3 runed translucent doors, mitch45678's ghost, adept AtHs
Elf:2 4 runed translucent doors, patfeehan111222's ghost, adept MiBe
Vaults:1 exclusion: downstairs
Vaults:3 exclusion: downstairs
Depths:1 1 runed translucent door
Zot:1 2 transporters
Zot:2 exclusion: downstairs
Zot:3 exclusion: downstairs


Innate Abilities, Weirdness & Mutations

You are amphibious.
You cover ground slowly.
You can hop long distances.
You have an extended range of vision and can be seen from far away.
You have large cloven feet.
You have a pair of small horns on your head.


Message History

You feel agile.
You feel more energetic.
You feel clever.
Really quaff the potion of mutation?
You feel extremely strange.
You feel clumsy.
You feel less energetic.
You feel stupid.
You feel your body start to fall apart.
You feel stronger.
Really quaff the potion of mutation?
You feel extremely strange.
You no longer feel a malignance within.
You feel a little healthier.
You feel healthier.
You feel frail.
You feel genetically stable. A pair of horns grows on your head!
Really quaff the potion of mutation?
You feel extremely strange. The horns on your head shrink away.
You feel weaker.
You feel genetically unstable.
Iridescent scales grow over part of your body.
You feel clever.
Really quaff the potion of mutation?
You feel extremely strange.
Your iridescent scales disappear.
You feel stupid. Fur sprouts all over your body.
You feel stronger.
Really quaff the potion of mutation?
You feel extremely strange.
You shed all your fur.
You feel weaker.
You feel robust.
You feel a strange attunement to the structure of the dungeons.
Fur sprouts all over your body.
Really quaff the potion of mutation?
You feel extremely strange.
You feel slightly disoriented.
You shed all your fur.
You occasionally lose the ability to drink potions when taking damage.
You feel less in control of your magic.
Really quaff the potion of mutation?
You feel extremely strange.
You regain control of your magic.
You no longer become unable to drink potions after taking damage.
Your feet thicken and deform.
A pair of horns grows on your head!
No previous command to re-do.
No previous command to re-do.
No previous command to re-do.
Okay, then.
You have escaped!

.......# #...#####.#####....## #
.......# ##..#...#.#...#.....# #
.......# #..#...#.'.>.#.....# #
.......# #..#...#[#...#.###.# #
.......# #..##'##.#####.###.###
######## #..............#.....#
## #..#####.##'##...#.#.# .#
##### ##.#...#.#)..#.#.#.#.#
.###...# ##.#.@.'.#...#........
.....#.#####..#...#.#...#.......#
.....#...##...#####.#####.#...[.#
...#####..................####..#
.....#...##.#####.....#..##...)..
.##..#.####.##......#.##.##.#####
###....# #.##.##(#...##.##.##...
....#### #.##.##.##.........#.#.
##### #.......############.#.


There were no monsters in sight!

Vanquished Creatures
  7 orbs of fire (Zot:5)
  Mara (Depths:2)
  2 ancient liches (Zot:5)
  2 juggernauts (Depths:3)
  Sojobo (Depths:1)
  Vv (Depths:4)
  7 Killer Klowns (Zot:5)
  A curse toe (Zot:5)
  Saint Roka (Vaults:4)
  Nikola (Spider:3)
  A caustic shrike (Depths:3)
  11 golden dragons
  2 bone dragons
  the Enchantress (Depths:1)
  2 Tzitzimimeh
  An electric golem (Zot:5)
  A hellephant (Abyss:2)
  Jorgrun (Spider:3)
  7 tentacled monstrosities
  4 liches
  A walking crystal tome (Depths:4)
  A walking frostbound tome (Depths:3)
  26 Orb Guardians
  4 deep elf blademasters (Elf:3)
  2 deep elf master archers (Elf:3)
  A kraken (Shoals:3)
  An acid blob (Slime:3)
  8 quicksilver dragons
  4 tentacled starspawn
  4 sphinxes
  Polyphemus (Shoals:2)
  10 death cobs
  5 shadow dragons
  5 tengu reavers
  5 fire giants
  2 draconian monks
  Ilsuiw (Shoals:2)
  2 azure jellies
  10 storm dragons
  A nagaraja (Abyss:3)
  Kirke (Lair:5)
  3 emperor scorpions
  9 draconian knights
  10 frost giants
  9 vault wardens
  A rockslime (Slime:1)
  9 ghost moths
  An iron dragon (Depths:3)
  A draconian stormcaller (Depths:4)
  4 deep elf elementalists
  A curse skull (Vaults:3)
  A balrug (Depths:1)
  2 orc warlords
  11 deep elf sorcerers
  4 draconian scorchers
  A cacodemon (Abyss:2)
  10 draconian shifters
  5 draconian annihilators
  5 spriggan defenders
  15 ironbound preservers
  11 very ugly things
  5 war gargoyles
  7 ironbound thunderhulks
  5 stone giants
  3 quicksilver oozes
  2 deep elf demonologists (Elf:3)
  7 green draconians
  A reaper (Depths:1)
  3 vampire knights
  7 purple draconians
  9 black draconians
  9 dire elephants
  11 deep elf annihilators
  8 red draconians
  10 spark wasps
  9 white draconians
  14 yellow draconians
  4 ettins
  5 merfolk javelineers
  Josephine (Shoals:1)
  A blizzard demon (Depths:2)
  2 jiangshi (Depths:3)
  A deep elf death mage (Vaults:3)
  10 fire dragons
  11 yaktaur captains
  11 great orbs of eyes
  5 deep elf high priests
  5 entropy weavers
  16 merfolk impalers
  2 hydras
  7 spriggan air magi
  3 ogre magi
  6 rakshasas
  A hell beast (D:14)
  A spriggan skeleton (Abyss:3)
  7 ice dragons
  10 vault guards
  10 boulder beetles
  6 ironbound frosthearts
  A jorogumo (Spider:4)
  2 anacondas (Lair:4)
  A catoblepas (Shoals:2)
  18 centaur warriors
  3 peacekeepers
  2 satyrs
  3 alligator snapping turtles
  6 merfolk aquamancers
  10 two-headed ogres
  A death knight (Vaults:3)
  4 vampire magi
  18 dancing weapons
  12 death yaks
  10 death scarabs
  5 deep troll shamans
  4 spriggan berserkers
  8 tengu warriors
  A spectral emperor scorpion (Spider:4)
  6 deep troll earth magi
  9 orc high priests
  3 thrashing horrors
  9 hell knights
  2 sun demons
  A fire crab (Lair:5)
  13 deep elf knights
  A soul eater (Abyss:3)
  A spectral death yak (Lair:5)
  4 wretched stars (Abyss:3)
  7 skysharks
  6 iron trolls
  A sixfirhy (Abyss:2)
  7 skeletal warriors
  8 pharaoh ants
  13 sea snakes
  A sun moth (Spider:1)
  62 deep trolls
  9 wizards
  16 deep elf archers
  A swamp dragon (Abyss:3)
  7 orb spiders
  A spectral anaconda (Lair:5)
  A flayed ghost (Depths:3)
  A spectral jorogumo (Spider:4)
  4 glowing orange brains
  3 phantasmal warriors
  2 spectral wolf spiders (Spider:4)
  7 lindwurms
  A tengu zombie (Vaults:2)
  13 harpies
  12 ironbound convokers
  An orb spider (shapeshifter) (Depths:3)
  15 starcursed masses
  6 necromancers
  8 steelbarb worms
  10 orc knights
  7 wolf spiders
  6 large abominations
  21 deep elf pyromancers
  25 deep elf zephyrmancers
  A mana viper (shapeshifter) (Vaults:4)
  10 orc sorcerers
  A wolf spider zombie (Spider:4)
  4 cyclopes
  13 manticores
  27 moths of wrath
  14 fauns
  31 ugly things
  2 worldbinders
  Joseph (D:8)
  10 elephants (Lair:5)
  9 water nymphs
  2 apocalypse crabs
  2 ice statues (IceCv)
  7 demonic crawlers
  2 smoke demons (Abyss:2)
  12 merfolk sirens
  22 vault sentinels
  An eye of devastation (Lair:5)
  10 black mambas
  A rust devil (Depths:2)
  4 torpor snails
  11 cane toads
  2 spectral redbacks (Spider:4)
  An efreet (D:14)
  A hellion (D:13)
  3 orange demons
  5 rime drakes
  Maggie (D:8)
  31 yaktaurs
  2 redback zombies (Spider:4)
  7 komodo dragons
  An unseen horror (Abyss:2)
  A tengu conjurer (Depths:1)
  2 freezing wraiths
  A tormentor (Abyss:3)
  4 ancient zymes
  26 merfolk
  A meliai (D:14)
  6 trolls
  2 polar bears (Lair:1)
  A queen bee (D:11)
  2 red devils
  12 wind drakes
  A spectral jumping spider (Spider:4)
  2 hellwings
  A hornet (shapeshifter) (Abyss:3)
  2 hornets
  10 dream sheep
  A raiju (shapeshifter) (D:13)
  11 tarantellas
  2 spectral tarantellas (Spider:4)
  3 tarantella zombies (Spider:4)
  2 jumping spider zombies (Spider:4)
  6 blink frogs
  A spectral elephant (Lair:5)
  2 raiju (Abyss:2)
  A culicivora zombie (Spider:4)
  9 snapping turtles
  3 ettin zombies (Vaults:2)
  A centaur simulacrum (D:14)
  25 jumping spiders
  71 slime creatures
  3 spriggans
  A ynoxinul (Abyss:2)
  A culicivora (shapeshifter) (Abyss:2)
  6 air elementals
  2 dire elephant simulacra (Lair:5)
  27 water elementals
  12 wraiths
  15 culicivoras
  3 wyverns
  50 yaks
  5 basilisks
  11 golden eyes (Slime:1)
  Grum (D:8)
  A fire elemental (Elf:1)
  A hog (Lair:5)
  37 redbacks
  A steam dragon (D:8)
  Menkaure (D:7)
  A redback (shapeshifter) (Elf:2)
  4 vampire mosquitoes (D:13)
  A spectral cane toad (Lair:5)
  5 wargs
  2 death yak simulacra (Lair:5)
  An acid dragon (D:13)
  4 chaos spawn
  Edmund (D:6)
  8 small abominations
  A hell hound (Abyss:3)
  Duvessa (D:5)
  2 floating eyes
  18 water moccasins
  A floating eye (shapeshifter) (Depths:4)
  A black bear (Lair:3)
  9 ice beasts
  28 orc warriors
  2 sky beasts
  2 great orb of eyes simulacra (IceCv)
  2 elephant zombies (Lair:5)
  8 ogres
  25 wolves
  An elephant skeleton (Lair:5)
  A human skeleton (Vaults:2)
  27 centaurs
  A phantom (D:5)
  2 kobold brigands
  6 bullfrogs
  2 cane toad simulacra
  5 glowing shapeshifter simulacra (IceCv)
  A two-headed ogre simulacrum (Lair:1)
  6 scorpions
  3 earth elementals
  An entropy weaver simulacrum (Lair:1)
  12 wights
  Dowan (D:5)
  4 elephant simulacra
  33 killer bees
  3 electric eels (Lair:4)
  7 howler monkeys
  5 jellies
  3 hounds
  An iron imp (Abyss:2)
  29 orc priests
  2 gnoll boudas
  3 sleepcaps
  2 iguanas (D:4)
  23 orc wizards
  2 shapeshifter simulacra (IceCv)
  A troll simulacrum (Lair:1)
  A wolf simulacrum (Lair:1)
  A boggart simulacrum (D:15)
  9 gnolls
  8 adders
  A shadow imp (D:6)
  A white imp (D:7)
  2 worms (D:2)
  3 dart slugs
  96 orcs
  9 bats
  7 endoplasms
  4 giant cockroaches
  10 goblins
  6 hobgoblins
  2 jackals (D:5)
  7 quokkas
  5 ball pythons
  4 frilled lizards
  17 kobolds
  4 rats
  A spectral orc (D:6)
  A lurking horror (Abyss:3)
  4 tentacles (Shoals:3)
2096 creatures vanquished.

Vanquished Creatures (collateral kills)
  An orb of fire (Zot:5)
  An electric golem (Zot:5)
  2 tentacled monstrosities (Zot:1)
  Mlioglotl (Shoals:4)
  4 Orb Guardians (Zot:5)
  A draconian monk (Zot:2)
  Roxanne (Shoals:2)
  Louise (Spider:3)
  A draconian knight (Zot:2)
  A draconian shifter (Zot:2)
  An orc warlord (Orc:1)
  3 green draconians
  A white draconian (Zot:2)
  A yellow draconian (Zot:5)
  A merfolk impaler (Shoals:4)
  A vault guard (Vaults:2)
  An alligator snapping turtle (Shoals:4)
  4 skeletal warriors (D:14)
  A deep troll (Vaults:2)
  2 sea snakes (Shoals:2)
  3 fauns
  2 moths of wrath (Zot:1)
  A cane toad (Lair:5)
  A yaktaur (Vaults:2)
  An ancient zyme (Abyss:3)
  A polar bear (Lair:5)
  A merfolk (Shoals:4)
  A hellwing (Abyss:3)
  A blink frog (Abyss:3)
  An air elemental (Shoals:4)
  3 water moccasins (Lair:5)
  3 wolves (Lair:5)
  An ogre (Orc:1)
  A quasit (Abyss:3)
  4 starcursed masses (Abyss:3)
55 creatures vanquished.

Vanquished Creatures (others)
  A caustic shrike (Depths:3)
  3 Orb Guardians (Zot:5)
  Asterion (Spider:3)
  A centaur warrior (Vaults:2)
  A deep elf knight (Elf:1)
  A phantasmal warrior (Depths:1)
  A deep elf pyromancer (Elf:3)
  A steelbarb worm (Spider:1)
  A yaktaur (Vaults:1)
  4 humans
  A bush (Lair:5)
  66 fungi
  217 plants
  11 starspawn tentacles
  7 tentacles (Shoals:3)
  21 withered plants (Lair:5)
338 creatures vanquished.

Grand Total: 2489 creatures vanquished

Notes
Turn   | Place    | Note
-------+----------+-------------------------------------------
     0 | D:1      | ragingrage the Barachi Gladiator began the quest for the
                  | Orb.
     0 | D:1      | Reached XP level 1. HP: 17/17 MP: 1/1
   152 | D:1      | Reached skill level 1 in Stealth
   164 | D:1      | Reached XP level 2. HP: 19/23 MP: 2/2
   393 | D:1      | Reached XP level 3. HP: 26/28 MP: 3/3
   427 | D:1      | Found a faded altar of an unknown god.
  1266 | D:2      | Reached skill level 5 in Long Blades
  1336 | D:2      | Found a radiant altar of Vehumet.
  1395 | D:2      | Reached XP level 4. HP: 34/34 MP: 4/4
  1945 | D:3      | Found a shadowy altar of Dithmenos.
  2338 | D:3      | Reached XP level 5. HP: 35/39 MP: 5/5
  3060 | D:4      | Reached XP level 6. HP: 46/46 MP: 6/6
  3279 | D:4      | Reached skill level 1 in Short Blades
  3469 | D:4      | Found an ornate altar of the Wu Jian Council.
  3697 | D:5      | Entered Level 5 of the Dungeon
  3771 | D:5      | Noticed an ice beast
  3906 | D:5      | Reached XP level 7. HP: 51/51 MP: 7/7
  4154 | D:5      | Noticed Duvessa
  4154 | D:5      | Noticed Dowan
  4173 | D:5      | Killed Duvessa
  4174 | D:5      | Reached skill level 5 in Short Blades
  4177 | D:5      | Killed Dowan
  4218 | D:5      | Found a bloodstained altar of Trog.
  4247 | D:5      | Became a worshipper of Trog the Wrathful
  4525 | D:5      | Reached XP level 8. HP: 57/57 MP: 8/8
  4919 | D:6      | Found a basalt altar of Yredelemnul.
  5040 | D:6      | Found a hazy altar of Hepliaklqana.
  5058 | D:6      | Noticed Edmund
  5079 | D:6      | Killed Edmund
  5530 | D:6      | Reached skill level 1 in Armour
  5698 | D:6      | Found a staircase to the Ecumenical Temple.
  5765 | D:6      | Found the +7 staff of the Meek {protect, meekguard}
  5847 | D:7      | Reached XP level 9. HP: 64/64 MP: 9/9
  5873 | D:7      | Reached skill level 2 in Armour
  5948 | D:7      | Reached * piety under Trog
  6022 | D:7      | Reached skill level 3 in Armour
  6817 | D:7      | Noticed Menkaure
  6824 | D:7      | Killed Menkaure
  7084 | D:8      | Noticed a hornet
  7084 | D:8      | Found an opulent altar of Gozag.
  7119 | D:8      | Noticed Maggie
  7151 | D:8      | Noticed Grum
  7163 | D:7      | Reached skill level 5 in Dodging
  7171 | D:7      | Reached skill level 4 in Armour
  7301 | D:7      | Reached skill level 5 in Fighting
  7314 | D:8      | Killed Grum
  7494 | D:7      | Reached XP level 10. HP: 23/74 MP: 10/10
  7669 | D:8      | Killed Maggie
  7670 | D:8      | Reached skill level 5 in Throwing
  7670 | D:8      | Reached skill level 5 in Armour
  7755 | D:7      | Reached ** piety under Trog
  8310 | D:8      | Noticed Joseph
  8330 | D:8      | Killed Joseph
  8622 | D:8      | Found a stormy altar of Qazlal.
  8880 | D:8      | Found a broken altar of Ashenzari.
  9546 | D:10     | Entered Level 10 of the Dungeon
  9769 | D:9      | Found a staircase to the Orcish Mines.
  9771 | D:9      | Found an ancient bone altar of Kikubaaqudgha.
  9949 | D:9      | Reached skill level 10 in Long Blades
  9985 | D:9      | Reached skill level 10 in Fighting
  9989 | D:9      | Reached *** piety under Trog
 10007 | D:9      | Reached XP level 11. HP: 90/90 MP: 11/11
 10188 | D:9      | Found a snail-covered altar of Cheibriados.
 11549 | D:10     | Found a staircase to the Lair.
 11759 | D:10     | Found a sacrificial altar of Ru.
 11783 | D:10     | Found a glowing silver altar of Zin.
 11885 | D:10     | Reached skill level 1 in Evocations
 11946 | D:10     | Identified the amulet of the Lobster {Spirit Rampage Fly
                  | Int+2}
 12108 | D:10     | Noticed a two-headed ogre
 12116 | D:10     | Killed a two-headed ogre
 12303 | Lair:1   | Entered Level 1 of the Lair of Beasts
 12390 | Lair:1   | Identified the +11 trident of the Fox {vamp, Dex+4}
 12524 | Lair:1   | Noticed an ice dragon
 12671 | Lair:2   | Reached skill level 6 in Armour
 12969 | Lair:2   | Reached **** piety under Trog
 12970 | Lair:2   | Reached XP level 12. HP: 99/99 MP: 12/12
 13001 | Lair:2   | Noticed a skyshark
 13499 | Lair:2   | Killed a skyshark
 13500 | Lair:2   | Reached skill level 7 in Armour
 13769 | Lair:2   | Found a staircase to the Shoals.
 14170 | Lair:2   | Identified 2 scrolls of acquirement
 14171 | Lair:2   | Acquired the +0 pair of gloves "Ago Yrosh" {+Inv Dex+4}
 14184 | Lair:2   | Acquired a +5 great sword of draining
 14277 | Lair:2   | Found a hole to the Spider Nest.
 14744 | Lair:3   | Reached skill level 5 in Evocations
 15149 | Lair:3   | Noticed a four-headed hydra
 15265 | Lair:4   | Noticed an anaconda
 15273 | Lair:4   | Killed an anaconda
 15274 | Lair:4   | Reached skill level 8 in Armour
 15795 | Lair:4   | Noticed an anaconda
 15795 | Lair:4   | You are sucked into a shaft and drop 1 floor!
 15795 | Lair:5   | Entered Level 5 of the Lair of Beasts
 15883 | Lair:5   | Noticed a four-headed hydra
 15889 | Lair:5   | Killed a five-headed hydra
 15890 | Lair:5   | Reached skill level 9 in Armour
 15891 | Lair:5   | Gained mutation: You can hop long distances. [Barachi
                  | growth]
 15891 | Lair:5   | Reached XP level 13. HP: 108/108 MP: 13/13
 16408 | Lair:5   | Reached skill level 10 in Armour
 16530 | Lair:5   | Paralysed by a floating eye for 2 turns
 16658 | Lair:4   | Noticed Kirke
 16840 | Lair:5   | Found a staircase to the Slime Pits.
 16840 | Lair:5   | Found a viscous altar of Jiyva.
 17065 | Lair:5   | Noticed a dire elephant
 17065 | Lair:5   | Noticed a dire elephant
 17065 | Lair:5   | Noticed a dire elephant
 17065 | Lair:5   | Noticed a dire elephant
 17065 | Lair:5   | Noticed a dire elephant
 17369 | Lair:5   | Killed Kirke
 17515 | Lair:4   | Reached skill level 11 in Armour
 17825 | Lair:3   | Reached skill level 15 in Long Blades
 18354 | Lair:4   | Reached XP level 14. HP: 105/120 MP: 11/14
 18367 | Lair:4   | Reached ***** piety under Trog
 18686 | Orc:1    | Entered Level 1 of the Orcish Mines
 19030 | Orc:1    | Noticed an orc warlord
 19046 | Orc:1    | Killed an orc warlord
 19050 | Orc:1    | Noticed an orc warlord
 19062 | Orc:1    | Killed an orc warlord
 20138 | Orc:1    | Received a gift from Trog
 20208 | Orc:2    | Entered Level 2 of the Orcish Mines
 20208 | Orc:2    | Found a frozen archway.
 20268 | IceCv    | Entered an ice cave
 22019 | IceCv    | Noticed a quicksilver ooze
 22028 | IceCv    | Killed a quicksilver ooze
 22531 | IceCv    | Found a viscous altar of Jiyva.
 22531 | IceCv    | Noticed an azure jelly
 22548 | IceCv    | Killed an azure jelly
 22909 | IceCv    | Identified the amulet of Kusysimm {RegenMP Drain rCorr
                  | Str+8 Int-5}
 23009 | Orc:2    | Found Simecs's Antique Weapon Shop.
 23435 | Orc:2    | Received a gift from Trog
 23522 | Orc:2    | Reached XP level 15. HP: 126/126 MP: 15/15
 24079 | Orc:2    | Found Vetac's Assorted Antiques.
 24085 | Orc:2    | Found Evicul's Antique Weapon Boutique.
 24089 | Orc:2    | Bought a fuming clear potion for 17 gold pieces
 24089 | Orc:2    | Bought a scroll labelled VEOMED TUICK for 19 gold pieces
 24226 | Orc:2    | Found Jobeaqic's Jewellery Boutique.
 24230 | Orc:2    | Found Fieck's Antique Armour Emporium.
 24240 | Orc:2    | Bought a runed hat for 133 gold pieces
 24410 | Orc:2    | Found a staircase to the Elven Halls.
 24734 | D:11     | Identified the +4 war axe "Muykloant" {chaos, rF+ Int+3}
 26240 | D:13     | Received a gift from Trog
 26359 | D:13     | Reached skill level 1 in Ranged Weapons
 28054 | D:14     | Found a gate to the Vaults.
 28085 | D:14     | Reached skill level 10 in Dodging
 28328 | Orc:2    | Bought a scroll of enchant weapon for 142 gold pieces
 28802 | D:14     | Reached XP level 16. HP: 94/134 MP: 9/16
 28956 | D:14     | Received a gift from Trog
 29183 | D:15     | Entered Level 15 of the Dungeon
 29248 | D:15     | Reached skill level 15 in Fighting
 29399 | D:15     | Reached skill level 5 in Ranged Weapons
 29475 | D:15     | Found a viscous altar of Jiyva.
 29557 | D:15     | Found a staircase to the Depths.
 30632 | Shoals:1 | Entered Level 1 of the Shoals
 31051 | Shoals:1 | Noticed Josephine
 31066 | Shoals:1 | Killed Josephine
 31536 | Shoals:1 | Identified the +2 sling of Patterns {flame, MP+9 Str+5}
 31769 | Shoals:2 | Noticed Ilsuiw
 31876 | Shoals:2 | Noticed Polyphemus
 31907 | Shoals:2 | Noticed Roxanne
 31919 | Shoals:2 | Killed Roxanne
 32715 | Shoals:2 | Received a gift from Trog
 33226 | Shoals:2 | Reached skill level 10 in Evocations
 33282 | Shoals:2 | Killed Polyphemus
 33323 | Shoals:2 | Reached XP level 17. HP: 129/142 MP: 17/17
 34642 | Shoals:3 | Found Kasaodio's Jewellery Shoppe.
 34666 | Shoals:3 | Reached skill level 10 in Ranged Weapons
 34781 | Shoals:4 | Entered Level 4 of the Shoals
 35208 | Shoals:3 | Received a gift from Trog
 35645 | Shoals:3 | Noticed a kraken
 35669 | Shoals:3 | Killed a kraken
 37195 | Shoals:4 | Noticed Mlioglotl
 37202 | Shoals:4 | Killed Mlioglotl
 37640 | Shoals:4 | Paralysed by an air elemental for 1 turns
 37838 | Shoals:4 | Received a gift from Trog
 38600 | Shoals:4 | Identified the staff of cold "Vybeune" {Fly rF+ rC+ Int-2
                  | Dex+2}
 38616 | Shoals:4 | Got a barnacled rune of Zot
 39110 | Shoals:4 | Paralysed by an air elemental for 1 turns
 39120 | Shoals:4 | Reached XP level 18. HP: 151/151 MP: 14/18
 39151 | Shoals:4 | Paralysed by an air elemental for 1 turns
 39158 | Shoals:4 | Paralysed by an air elemental for 1 turns
 40567 | Spider:1 | Entered Level 1 of the Spider Nest
 40858 | Spider:1 | Received a gift from Trog
 41173 | Spider:1 | Found a runed translucent gate.
 41173 | Spider:1 | Found a runed translucent gate.
 41173 | Spider:1 | Found a runed translucent gate.
 41174 | Spider:1 | Noticed mitch45678's ghost (adept AtHs)
 43026 | Spider:2 | Reached skill level 15 in Ranged Weapons
 43392 | Spider:3 | Noticed Asterion
 43414 | Spider:3 | Noticed Jorgrun
 43422 | Spider:3 | Noticed Nikola
 43426 | Spider:3 | Killed Jorgrun
 43443 | Spider:3 | Killed Nikola
 43446 | Spider:3 | Reached ****** piety under Trog
 43880 | Shoals:2 | Received a gift from Trog
 43890 | Shoals:2 | Killed Ilsuiw
 44427 | Spider:3 | Killed Asterion
 44722 | Spider:3 | Reached skill level 5 in Stealth
 44756 | Spider:3 | Noticed Louise
 44787 | Spider:3 | Killed Louise
 45092 | Spider:3 | Reached skill level 12 in Armour
 46135 | Spider:4 | Entered Level 4 of the Spider Nest
 46370 | Spider:4 | Reached skill level 13 in Armour
 46636 | Spider:4 | Reached XP level 19. HP: 153/155 MP: 11/19
 47247 | Spider:4 | Reached skill level 14 in Armour
 48304 | Spider:4 | Reached skill level 15 in Armour
 48895 | Spider:4 | Received a gift from Trog
 48968 | Spider:4 | Got a gossamer rune of Zot
 49293 | Vaults:1 | Entered Level 1 of the Vaults
 50635 | Lair:5   | Reached skill level 16 in Armour
 51559 | Vaults:1 | Received a gift from Trog
 52228 | Vaults:2 | Reached XP level 20. HP: 164/164 MP: 18/20
 52649 | Vaults:2 | Reached skill level 15 in Evocations
 52718 | Vaults:2 | Reached skill level 1 in Invocations
 53004 | Vaults:2 | Received a gift from Trog
 53064 | Vaults:2 | Reached skill level 17 in Armour
 53479 | Vaults:2 | Found the +8 orange crystal plate armour {Archmagi, Int+3
                  | Clar}
 53869 | Vaults:2 | Acquired the +4 pair of gloves of Polytheism {rPois Regen+
                  | Int-2}
 54735 | Vaults:3 | Reached skill level 18 in Armour
 54966 | Vaults:3 | Found the +8 Wrath of Trog {antimagic, *Rage Rampage}
 55084 | Vaults:3 | You are sucked into a shaft and drop 1 floor!
 55188 | Vaults:3 | Reached XP level 21. HP: 175/175 MP: 22/22
 55509 | Vaults:3 | Found Wacet's Assorted Antiques.
 55517 | Vaults:3 | Bought a potion of curing for 93 gold pieces
 55517 | Vaults:3 | Bought a scroll of poison for 124 gold pieces
 55729 | Vaults:3 | Reached skill level 19 in Armour
 55902 | Vaults:3 | Received a gift from Trog
 55955 | Vaults:3 | Found a staircase to the Crypt.
 56578 | Vaults:4 | Noticed Saint Roka
 56597 | Vaults:4 | Killed Saint Roka
 56960 | Vaults:4 | Reached skill level 20 in Armour
 57038 | Vaults:4 | Found Liarphae's Weapon Shop.
 57038 | Vaults:4 | Found Cogavyso's Weapon Boutique.
 57042 | Vaults:4 | Found Lyusm's Antique Armour Emporium.
 57057 | Vaults:4 | Bought a pitted ring mail for 216 gold pieces
 57057 | Vaults:4 | Identified the +4 ring mail of Chimes {rC+ rCorr Int+4}
                  | (You bought it in a shop on level 4 of the Vaults)
 57190 | Vaults:4 | Found Neivoggo's Weapon Shoppe.
 58126 | Vaults:4 | Reached skill level 21 in Armour
 58792 | Vaults:4 | Received a gift from Trog
 58929 | Vaults:4 | Found Deke's Book Shoppe.
 59271 | Elf:1    | Entered Level 1 of the Elven Halls
 59676 | Elf:1    | Reached XP level 22. HP: 187/187 MP: 23/23
 60157 | Elf:2    | Received a gift from Trog
 60199 | Elf:2    | Noticed patfeehan111222's ghost (adept MiBe)
 60272 | Elf:2    | Paralysed by an air elemental for 1 turns
 60331 | Elf:2    | Found a portal to a secret trove of treasure.
 60415 | Trove    | Entered a treasure trove
 60415 | Trove    | Found the +2 hood of the Assassin {Detect Stab+ Stlth++}
 60415 | Trove    | Found the +0 mask of the Dragon {Will+ Slay+3 SInv}
 60417 | Trove    | Identified the +2 buckler of Amelioration {Str+6 Dex+3}
 60419 | Trove    | Identified the amulet "Sajarhun" {Spirit Stlth+}
 60421 | Trove    | Identified the amulet of Kikeiqui {Acrobat Str+6}
 60433 | Trove    | Identified the +0 hat "Huufubb" {Harm MP-9 Int+3 Dex+8}
 60439 | Trove    | Identified the ring of Absolutism {Wiz Str+3}
 60446 | Trove    | Identified the ring of Zudo Yrphu {Will+ rCorr Slay+3 SInv}
 60452 | Trove    | Identified the ring "Famufy" {+Blink rF- rN+ Str+5 Int+4}
 60463 | Trove    | Identified the ring of Midnight {rCorr MP+9 Int+2}
 60466 | Trove    | Identified the ring "Ijuupn" {rPois Str+6}
 60766 | Elf:2    | Found a runed translucent door.
 60858 | Abyss:2  | Cast into level 2 of the Abyss (+0 falchion of distortion)
 60885 | Abyss:2  | Found a corrupted altar of Lugonu.
 61382 | Abyss:2  | Found a corrupted altar of Lugonu.
 61485 | Elf:2    | Escaped the Abyss
 61679 | Elf:2    | Found a runed translucent gate.
 61680 | Elf:2    | Found a runed translucent gate.
 61680 | Elf:2    | Found a runed translucent gate.
 61751 | Elf:2    | Found Hinkup's General Store.
 61760 | Elf:2    | Bought a scroll of fear for 76 gold pieces
 61760 | Elf:2    | Bought the +3 crown of Dyrovepreva {rElec Int+2 SInv} for
                  | 786 gold pieces
 61760 | Elf:2    | Found the +3 crown of Dyrovepreva {rElec Int+2 SInv}
 62077 | Elf:3    | Entered Level 3 of the Elven Halls
 62918 | Elf:3    | Identified the amulet "Uhaullyc" {rF+ Regen+}
 62999 | Elf:3    | Found the ring of Shadows {Umbra +Inv Stlth+}
 63000 | Elf:3    | Found the +2 cloak of the Thief {*Fog Slay-2 SInv Stlth+}
 63026 | Elf:3    | Identified the +7 shortbow of Anxiety {freeze, Dex+4}
 63062 | Elf:3    | Identified the +0 morningstar of Qaattim {freeze, rN+
                  | Dex+5}
 63090 | Elf:3    | Identified the +0 kite shield of Beauty {rF+}
 63176 | Elf:3    | Identified the +3 war axe of the Ghost {elec, SInv}
 63180 | Elf:3    | Identified the +5 scale mail "Ekiocw" {rPois rC- Will+}
 63182 | Elf:3    | Identified the staff of death "Gajos" {rElec rN+ rCorr
                  | Dex+2}
 63295 | Elf:2    | Bought a scroll of enchant armour for 142 gold pieces
 63819 | Depths:1 | Entered Level 1 of the Depths
 63854 | D:15     | Reached XP level 23. HP: 198/200 MP: 15/24
 64239 | Depths:1 | Found a glowing golden altar of the Shining One.
 64260 | Depths:1 | Noticed Sojobo
 64269 | Depths:1 | Found a runed translucent door.
 64437 | Depths:1 | Found a gateway to Hell.
 64623 | Depths:1 | Killed Sojobo
 64983 | Depths:1 | Noticed the Enchantress
 64989 | Depths:1 | Killed the Enchantress
 65599 | Depths:2 | Noticed Mara
 65627 | Depths:2 | Noticed ragingrage's illusion
 65630 | Depths:2 | Killed Mara
 65787 | Depths:2 | Reached skill level 15 in Dodging
 65812 | Depths:2 | Found Lari's Armour Shop.
 65813 | Depths:2 | Found Nienwuwk's Antique Armour Boutique.
 65993 | Depths:2 | Found a one-way gate leading to the halls of Pandemonium.
 66251 | Depths:2 | Received a gift from Trog
 66453 | Depths:2 | Found a shimmering blue altar of Sif Muna.
 66725 | Depths:3 | Found a one-way gate to the infinite horrors of the Abyss.
 67088 | Depths:3 | Found a runed translucent door.
 67104 | Depths:3 | Found a runed translucent door.
 67152 | Depths:3 | Received a gift from Trog
 67249 | Depths:3 | Found a runed translucent door.
 67249 | Depths:3 | Noticed a juggernaut
 67251 | Depths:3 | Noticed a caustic shrike
 67251 | Depths:3 | Noticed a juggernaut
 67265 | Depths:3 | Noticed a golden dragon
 67273 | Depths:3 | Killed a golden dragon
 67322 | Depths:3 | Noticed a golden dragon
 67323 | Depths:3 | Noticed a caustic shrike
 67331 | Depths:3 | Reached XP level 24. HP: 193/210 MP: 22/24
 67737 | Depths:3 | Acquired a manual of Throwing
 67769 | Depths:3 | Killed a caustic shrike
 67773 | Depths:3 | Killed a juggernaut
 67781 | Depths:3 | Killed a juggernaut
 67841 | Depths:4 | Entered Level 4 of the Depths
 68045 | Depths:4 | Found a one-way gateway to a ziggurat.
 68046 | Depths:4 | Noticed Vv
 68072 | Depths:4 | Killed Vv
 68204 | Depths:4 | Found a gate to the Realm of Zot.
 68259 | Depths:4 | Reached skill level 10 in Throwing
 68321 | Depths:4 | Found a sparkling altar of Nemelex Xobeh.
 68599 | Depths:4 | Paralysed by a floating eye for 2 turns
 68826 | Depths:3 | Voluntarily entered the Abyss.
 68859 | Depths:3 | Escaped the Abyss
 68861 | Depths:3 | Voluntarily entered the Abyss.
 68906 | Abyss:3  | Noticed an ancient lich
 68951 | Abyss:3  | Received a gift from Trog
 69083 | Abyss:3  | Paralysed by accursed screaming for 1 turns
 69095 | Abyss:3  | Got an abyssal rune of Zot
 69176 | Abyss:3  | Paralysed by accursed screaming for 1 turns
 69187 | Abyss:3  | Found a corrupted altar of Lugonu.
 69223 | Abyss:3  | Found a corrupted altar of Lugonu.
 69291 | Depths:3 | Escaped the Abyss
 69694 | Slime:1  | Entered Level 1 of the Pits of Slime
 69729 | Slime:1  | Received a gift from Trog
 70875 | Zot:1    | Entered Level 1 of the Realm of Zot
 71818 | Zot:1    | Found a transporter.
 71914 | Zot:1    | Reached XP level 25. HP: 217/217 MP: 24/24
 71973 | Zot:1    | Found a transporter.
 72306 | Zot:2    | Identified the ring "Lidomede" {Wiz rF+ rCorr Int+3}
 72513 | Zot:2    | Reached skill level 22 in Armour
 72672 | Zot:2    | You are sucked into a shaft and drop 1 floor!
 73302 | Zot:3    | Reached skill level 23 in Armour
 73325 | Zot:3    | Received a gift from Trog
 73635 | Zot:3    | Identified the +7 morningstar "Hiroefak" {flame, Drain
                  | rElec rN+ Str+2}
 74368 | Zot:4    | Reached skill level 24 in Armour
 75486 | Zot:4    | Identified the +2 great sword of Recklessness {flame, *Slow
                  | rN+ rCorr} (Trog gifted it to you on level 4 of the Realm
                  | of Zot)
 75486 | Zot:4    | Received a gift from Trog
 75506 | Zot:4    | Reached skill level 25 in Armour
 76099 | Zot:5    | Entered Level 5 of the Realm of Zot
 77623 | Zot:5    | Reached skill level 26 in Armour
 77623 | Zot:5    | Reached XP level 26. HP: 224/224 MP: 24/24
 78106 | Zot:5    | Noticed a Killer Klown
 78116 | Zot:5    | Killed a Killer Klown
 78278 | Zot:5    | Noticed a Killer Klown
 78297 | Zot:5    | Killed a Killer Klown
 78333 | Zot:5    | Noticed an orb of fire
 78674 | Zot:5    | Gained mutation: You are weak. (Str -2) [an orb of fire]
 78676 | Zot:5    | Gained mutation: You possess an exceptional clarity of
                  | mind. [an orb of fire]
 78683 | Zot:5    | Killed an orb of fire
 78814 | Zot:5    | Noticed an orb of fire
 78840 | Zot:5    | Killed an orb of fire
 78977 | Zot:5    | Noticed an orb of fire
 79007 | Zot:5    | Killed an orb of fire
 79008 | Zot:5    | Reached skill level 27 in Armour
 79107 | Zot:5    | Noticed a Killer Klown
 79128 | Zot:5    | Killed a Killer Klown
 79467 | Zot:5    | Noticed a Killer Klown
 79482 | Zot:5    | Noticed a Killer Klown
 79486 | Zot:5    | Killed a Killer Klown
 79504 | Zot:5    | Killed a Killer Klown
 80059 | Shoals:2 | Received a gift from Trog
 80681 | Zot:5    | Noticed an ancient lich
 80693 | Zot:5    | Killed an ancient lich
 80901 | Zot:5    | Noticed a Killer Klown
 80917 | Zot:5    | Killed a Killer Klown
 81034 | Zot:5    | Noticed a Killer Klown
 81067 | Zot:5    | Killed a Killer Klown
 81088 | Zot:5    | Noticed an orb of fire
 81111 | Zot:5    | Gained mutation: You occasionally lose the ability to drink
                  | potions when taking damage. [an orb of fire]
 81112 | Zot:5    | Killed an orb of fire
 81227 | Zot:5    | Noticed an orb of fire
 81252 | Zot:5    | Killed an orb of fire
 82412 | Zot:5    | Noticed an orb of fire
 82439 | Zot:5    | Killed an orb of fire
 82746 | Zot:5    | Noticed an orb of fire
 82749 | Zot:5    | Gained mutation: Your body sometimes deteriorates upon
                  | taking damage. [an orb of fire]
 82765 | Zot:5    | Killed an orb of fire
 82804 | Zot:5    | Noticed an orb of fire
 82816 | Zot:5    | Killed an orb of fire
 82837 | Zot:5    | Noticed an ancient lich
 82841 | Zot:5    | Killed an ancient lich
 83078 | Zot:5    | Got the Orb of Zot
 83737 | D:1      | Lost mutation: You occasionally lose the ability to drink
                  | potions when taking damage. [potion of mutation]
 83737 | D:1      | Lost mutation: You are weak. (Str -2) [potion of mutation]
 83737 | D:1      | Gained mutation: Your skin changes colour to match your
                  | surroundings (Stealth+). [potion of mutation]
 83737 | D:1      | Gained mutation: You have a beak for a mouth. [potion of
                  | mutation]
 83738 | D:1      | Lost mutation: Your skin changes colour to match your
                  | surroundings (Stealth+). [potion of mutation]
 83738 | D:1      | Lost mutation: You possess an exceptional clarity of mind.
                  | [potion of mutation]
 83738 | D:1      | Lost mutation: You have a beak for a mouth. [potion of
                  | mutation]
 83738 | D:1      | Gained mutation: You have hidden genetic defects. [potion
                  | of mutation]
 83738 | D:1      | Gained mutation: You are agile. (Dex +4, Str/Int -1)
                  | [potion of mutation]
 83738 | D:1      | Gained mutation: You have an increased reservoir of magic.
                  | (+10% MP) [potion of mutation]
 83738 | D:1      | Gained mutation: Your mind is acute. (Int +4, Str/Dex -1)
                  | [potion of mutation]
 83739 | D:1      | Lost mutation: You are agile. (Dex +4, Str/Int -1) [potion
                  | of mutation]
 83739 | D:1      | Lost mutation: You have an increased reservoir of magic.
                  | (+10% MP) [potion of mutation]
 83739 | D:1      | Lost mutation: Your mind is acute. (Int +4, Str/Dex -1)
                  | [potion of mutation]
 83739 | D:1      | Gained mutation: Your body often deteriorates upon taking
                  | damage. [potion of mutation]
 83739 | D:1      | Gained mutation: Your muscles are strong. (Str +4, Int/Dex
                  | -1) [potion of mutation]
 83740 | D:1      | Lost mutation: You have hidden genetic defects. [potion of
                  | mutation]
 83740 | D:1      | Lost mutation: Your body often deteriorates upon taking
                  | damage. [potion of mutation]
 83740 | D:1      | Lost mutation: Your body sometimes deteriorates upon taking
                  | damage. [potion of mutation]
 83740 | D:1      | Gained mutation: You are frail. (-10% HP) [potion of
                  | mutation]
 83740 | D:1      | Gained mutation: You are somewhat resistant to further
                  | mutation. [potion of mutation]
 83740 | D:1      | Gained mutation: You have a pair of small horns on your
                  | head. [potion of mutation]
 83741 | D:1      | Lost mutation: You have a pair of small horns on your head.
                  | [potion of mutation]
 83741 | D:1      | Lost mutation: Your muscles are strong. (Str +4, Int/Dex
                  | -1) [potion of mutation]
 83741 | D:1      | Lost mutation: You are somewhat resistant to further
                  | mutation. [potion of mutation]
 83741 | D:1      | Gained mutation: You are partially covered in iridescent
                  | scales. (AC +2) [potion of mutation]
 83741 | D:1      | Gained mutation: Your mind is acute. (Int +4, Str/Dex -1)
                  | [potion of mutation]
 83742 | D:1      | Lost mutation: You are partially covered in iridescent
                  | scales. (AC +2) [potion of mutation]
 83742 | D:1      | Lost mutation: Your mind is acute. (Int +4, Str/Dex -1)
                  | [potion of mutation]
 83742 | D:1      | Gained mutation: You are covered in fur. (AC +1) [potion of
                  | mutation]
 83742 | D:1      | Gained mutation: Your muscles are strong. (Str +4, Int/Dex
                  | -1) [potion of mutation]
 83743 | D:1      | Lost mutation: You are covered in fur. (AC +1) [potion of
                  | mutation]
 83743 | D:1      | Lost mutation: Your muscles are strong. (Str +4, Int/Dex
                  | -1) [potion of mutation]
 83743 | D:1      | Lost mutation: You are frail. (-10% HP) [potion of
                  | mutation]
 83743 | D:1      | Gained mutation: You passively map a small area around you.
                  | [potion of mutation]
 83743 | D:1      | Gained mutation: You are covered in fur. (AC +1) [potion of
                  | mutation]
 83744 | D:1      | Lost mutation: You passively map a small area around you.
                  | [potion of mutation]
 83744 | D:1      | Lost mutation: You are covered in fur. (AC +1) [potion of
                  | mutation]
 83744 | D:1      | Gained mutation: You occasionally lose the ability to drink
                  | potions when taking damage. [potion of mutation]
 83744 | D:1      | Gained mutation: Your spells are a little harder to cast,
                  | but a little more powerful. [potion of mutation]
 83745 | D:1      | Lost mutation: Your spells are a little harder to cast, but
                  | a little more powerful. [potion of mutation]
 83745 | D:1      | Lost mutation: You occasionally lose the ability to drink
                  | potions when taking damage. [potion of mutation]
 83745 | D:1      | Gained mutation: You have large cloven feet. [potion of
                  | mutation]
 83745 | D:1      | Gained mutation: You have a pair of small horns on your
                  | head. [potion of mutation]
 83747 | D:$      | Escaped with the Orb!

Illustrated notes

Levels and vault maps discovered:
D:1:      minmay_arrival_four_houses, layout_loops_cross,
          hellmonk_ecumenical_altar_blasted, bh_walls_and_bars
D:2:      layout_loops_corners, basic_altar, amcnicky_mini_pool_small
D:3:      layout_loops_corners, grunt_dithmenos_smoke
D:4:      layout_cave_pools, nicolae_wu_jian_wuxing_cycle, serial_bayou,
          serial_bayou_ford_a, serial_bayou_lagoon_a, serial_bayou_pond_c,
          serial_bayou_shore_a, serial_bayou_pond_c
D:5:      layout_loops_ring, trog_antimagical, uniq_duvessa
D:6:      layout_basic, yredelemnul_forgotten_temple_becter,
          lemuel_doored_altar, minmay_temple_entry_slanted, grunt_ministairs_11,
          pf_guarded_unrand_meek, uniq_edmund
D:7:      old_forge, layout_rooms, grunt_decor_junction, uniq_menkaure
D:8:      layout_rooms, mainiacjoe_overflow_small_starburst,
          nicolae_gozag_seed_capital, evilmike_ruin_ashenzari,
          grunt_ministairs_12, kennysheep_generic_room_14, uniq_joseph,
          uniq_maggie, uniq_grum
D:9:      layout_long_grid, tgw_kikubaaqudgha, kennysheep_slug_shrine,
          david_orc_5, minivault_1
D:10:     layout_small_grid, nicolae_ru_path_of_blood, general_overflow_altar,
          hellmonk_lair_entry_icy
D:11:     layout_loops_cross, special_room [special_room_bee]
D:12:     layout_gridville, minmay_diced_spiral
D:13:     layout_irregular_city
D:14:     layout_stronghold, lightli_vaults_fourway_checkpoint,
          hangedman_decor_cross_pass
D:15:     grunt_enter_depths_giant_problem, layout_basic, jiyva_altar_1
Lair:1:   dreamdust_isle_of_ice, layout_loops_ring, lemuel_fruit_tree
Lair:2:   layout_regular_city, minmay_shoals_entry_beasts,
          spider_nest_entry_web_field, lemuel_fruit_fields
Lair:3:   layout_long_grid, lemuel_fruit_fields
Lair:4:   beast_lair_carwin_large_4, layout_long_grid, serial_bayou_lake_a,
          uniq_kirke
Lair:5:   due_jungle_book, layout_regular_city, minmay_slime_entry_eyes
Shoals:1: layout_shoals, nicolae_shoals_arrival_archipelago, uniq_josephine
Shoals:2: layout_shoals, uniq_ilsuiw, uniq_roxanne, uniq_polyphemus
Shoals:3: layout_shoals, serial_shops, nicolae_shop_crystal
Shoals:4: shoals_end_hellmonk_storm_palace [storm_palace_center_circular,
          storm_palace_corner_grid, storm_palace_corner_narrow,
          storm_palace_corner_narrow, storm_palace_corner_narrow],
          uniq_mlioglotl
Spider:1: layout_chambers, ebering_ghost_rock_garden, guppyfry_spider_mini_3
Spider:2: layout_spider_delve
Spider:3: layout_cave_pods, hellmonk_narrow_tunnel, uniq_asterion, uniq_nikola,
          uniq_louise, uniq_jorgrun
Spider:4: floodkiller_spider_rune_tomb
Slime:1:  cheibrodos_slime_lost_civilization_1, layout_caves
Slime:2:  layout_caves
Slime:3:  layout_caves
Orc:1:    layout_diamond_mine, minmay_orc_temple_c
Orc:2:    st_orc_elflike, layout_caves, serial_shops, shop,
          portal_ice_cave_entry_pillars_1
Elf:1:    nicolae_elf_arrival_no_cutting_in_line, layout_gridlike,
          minmay_elf_sorcery
Elf:2:    nicolae_elf_blades_crystal_corner, layout_loops_corners,
          nicolae_trove_entry_free_sample, serial_shops, shop_fountains,
          hellmonk_ghost_big_iron, st_stairs_8,
          nicolae_elf_free_trip_to_the_abyss
Elf:3:    minmay_elf_hall_furrowed, layout_rooms, minivault_19
Vaults:1: nicolae_vaults_stairing_the_circle, ontoclasm_vaults_tryst, v_misc_27,
          nicolae_vaults_little_squares_6, ontoclasm_vaults_eye, v_rooms_5,
          vaults_mumra_hex, layout_vaults_big_room
Vaults:2: grunt_vaults_trifunnel, hangedman_vaults_snaps, vaults_room_door_ring,
          nicolae_vaults_windows_and_doors_thing, grunt_vaults_diagonal,
          vaults_room_corners, vaults_dpeg_encased_lava, vaults_room_corners,
          layout_vaults_quadrants
Vaults:3: minmay_crypt_entry_simple_walls, v_misc_1, v_misc_15, v_rooms_2,
          vaults_room_corners, hangedman_vaults_pinch,
          ontoclasm_vaults_shuriken, nicolae_vaults_fighting_squares,
          vaults_room_fancy_cross, vaults_mumra_chevron_long, v_misc_30,
          v_rooms_3, layout_vaults_maze, serial_shops, shop
Vaults:4: dpeg_vaults_pockets_of_resistance, v_misc_25,
          nicolae_vaults_angled_halls, ontoclasm_vaults_claustrophobia,
          vaults_room_door_hall, v_misc_26, v_misc_27, nicolae_vaults_asterisk,
          hangedman_vaults_impose, vaults_room_grid, hangedman_vaults_trim,
          layout_vaults_ring, serial_shops, shop, nicolae_shop_behind_doors,
          shop, nicolae_shop_waterfront,
          nicolae_shop_competitors_out_of_business, uniq_saint_roka
Depths:1: layout_cave_shapes, serial_rivers, chequers_serial_rivers_micro_b,
          chequers_serial_rivers_room_b, chequers_serial_rivers_room_a,
          chequers_serial_rivers_small_3, pf_dread_powers_of_hell,
          chequers_serial_rivers_small_b, minmay_statues_item,
          hangedman_abyss_or_decor_stagger,
          hangedman_abyss_or_decor_lesser_grid, grunt_ministairs_14,
          lemuel_angel_altar, uniq_enchantress, uniq_sojobo
Depths:2: minmay_polygon_palace, layout_gridville, rand_demon_pan_entry_9,
          hell_entry, lemuel_blue_sif_altar, grunt_megastairs_5,
          minmay_staircase_windowed_small, minmay_shoptagon, uniq_mara,
          uniq_grunn
Depths:3: minmay_the_grid_triangle_9x9_rhombus_full_mashed
          [minmay_the_grid_triangle_9x9_subtriangle,
          minmay_the_grid_triangle_9x9_thin_v,
          minmay_the_grid_triangle_9x9_tough_junction,
          minmay_the_grid_triangle_9x9_from_above,
          minmay_the_grid_triangle_9x9_wacky_v,
          minmay_the_grid_triangle_9x9_sprig,
          minmay_the_grid_triangle_9x9_zippers_vertical,
          minmay_the_grid_triangle_9x9_prize_top_heavy], layout_cave_pools,
          hell_entry, nicolae_abyss_entry_one_way_or_another,
          chequers_serial_rivers_large_b
Depths:4: grunt_crosshair, layout_gridlike, enter_ziggurat_a, hell_entry,
          nemelex_diamond_rough_becter, grunt_ministairs_13, uniq_vv
Zot:1:    gammafunk_its_a_trap, layout_onion, hangedman_zot_decor_tridents,
          st_stairs_7
Zot:2:    layout_onion, hangedman_zot_decor_slant
Zot:3:    layout_onion, hangedman_zot_gyre, st_small_dragon_hoard_1
Zot:4:    layout_cathedral_of_symmetry, zot_minivault_1, uniq_josephina
Zot:5:    layout_concentric_octagons

Skill      XL: |  1  2  3  4  5  6  7  8  9 10 11 12 13 14 15 16 17 18 19 20 21 22 23 24 25 26 |
---------------+-------------------------------------------------------------------------------+-----
Stealth        | 1 2 3 5 7 9 |  9.0
Long Blades    | 4 5 6 7 8 10 12 13 15 19 21 | 21.3
Short Blades   | 3 6 8 |  8.9
Armour         | 1 4 5 6 9 11 13 16 18 21 26 27 | 27.0
Fighting       | 3 5 10 12 14 15 16 17 19 21 22 23 | 23.6
Dodging        | 5 6 8 9 10 12 13 14 16 18 | 18.1
Throwing       | 4 6 14 | 14.7
Evocations     | 3 5 7 10 13 16 18 20 | 20.0
Ranged Weapons | 4 8 12 15 18 | 18.0
Invocations    | 2 |  2.0

Action                     |  1- 3 |  4- 6 |  7- 9 | 10-12 | 13-15 | 16-18 | 19-21 | 22-24 | 25-27 || total
---------------------------+-------+-------+-------+-------+-------+-------+-------+-------+-------++-------
  Melee: Long sword        |    91 |    80 |    14 |   126 |       |       |       |       |       ||   311
         Punch             |     1 |     1 |     4 |     9 |       |       |       |       |       ||    15
         Dagger            |       |    45 |   285 |   296 |       |       |       |       |       ||   626
         Quarterstaff      |       |       |     3 |       |       |       |       |       |       ||     3
         Short sword       |       |       |       |     7 |       |       |       |       |       ||     7
         Great sword       |       |       |       |    77 |   923 |       |       |    31 |   138 ||  1169
         Triple sword      |       |       |       |       |    33 |  1219 |  1498 |  1675 |   776 ||  5201
         Demon blade       |       |       |       |       |       |     9 |       |       |       ||     9
   Fire: Arbalest          |       |       |    17 |   173 |   108 |   120 |    55 |   167 |   247 ||   887
  Throw: Javelin           |       |     1 |     1 |       |       |       |       |       |       ||     2
         Dart              |       |    20 |    35 |     3 |     3 |    85 |    14 |     5 |     1 ||   166
         Throwing net      |       |       |     2 |       |       |       |       |     1 |       ||     3
 Invoke: Berserk           |       |       |       |     6 |     8 |       |     2 |     1 |     1 ||    18
         Brothers in Arms  |       |       |       |     2 |     1 |     7 |     3 |     4 |     2 ||    19
         Trog's Hand       |       |       |       |       |     2 |     2 |     4 |    10 |     3 ||    21
Ability: Hop               |     2 |     5 |     3 |     3 |     2 |     2 |     3 |     2 |     3 ||    25
  Evoke: Wand              |       |       |     4 |     7 |     5 |    14 |       |     7 |     8 ||    45
         Condenser vane    |       |       |       |       |       |     1 |     7 |     9 |     4 ||    21
         Tin of tremorston |       |       |       |       |       |     1 |     2 |     7 |     2 ||    12
         Box of beasts     |       |       |       |       |       |       |       |     1 |     2 ||     3
         Phial of floods   |       |       |       |       |       |       |       |     1 |     1 ||     2
    Use: Scroll            |       |     6 |    10 |    12 |    13 |    14 |     2 |    13 |    13 ||    83
         Potion            |       |       |       |       |       |     1 |     2 |     6 |    20 ||    29
   Stab: Held in net/web   |       |       |     1 |       |       |       |       |     2 |       ||     3
         Distracted        |       |       |       |       |     3 |     6 |     1 |     8 |     2 ||    20
         Sleeping          |       |       |       |       |     5 |     4 |       |     1 |     2 ||    12
         Confused          |       |       |       |       |       |       |       |     1 |       ||     1
 Armour: Scale mail        |    29 |    44 |    76 |       |       |       |       |       |       ||   149
         Leather armour    |     1 |       |       |       |       |       |       |       |       ||     1
         Ring mail         |     1 |     1 |       |       |       |       |       |       |       ||     2
         Swamp dragon scal |       |       |       |   107 |   240 |   310 |       |       |       ||   657
         Chain mail        |       |       |       |       |    43 |       |       |       |       ||    43
         Storm dragon scal |       |       |       |       |       |    77 |   603 |   133 |       ||   813
         Crystal plate arm |       |       |       |       |       |       |   301 |   137 |       ||   438
         Pearl dragon scal |       |       |       |       |       |       |       |   576 |   458 ||  1034
  Dodge: Dodged            |    46 |    71 |   101 |   320 |   801 |  1081 |  1043 |  1339 |   855 ||  5657
         Repelled          |       |       |       |       |       |    10 |       |       |       ||    10

Table legend: (Time is in decaauts)
 A = Elapsed time spent in this place.
 B = Non-inter-level travel time spent in this place.
 C = Inter-level travel time spent in this place.
 D = Time resting spent in this place.
 E = Time spent auto-exploring this place.
 F = Levels seen in this place.
 G = Mean time per level.
                   A        B        C        D        E       F      G
               +--------+--------+--------+--------+--------+-----+--------+
         Total |  90199 |  80433 |   9766 |  27541 |  34515 |  55 | 1640.0 |
       Dungeon |  23014 |  19309 |   3705 |   4864 |  10308 |  15 | 1534.3 |
          Lair |   9784 |   8370 |   1414 |   3122 |   3534 |   5 | 1956.8 |
        Shoals |  10275 |   9345 |    930 |   4854 |   2490 |   4 | 2568.8 |
   Spider Nest |   8463 |   7889 |    574 |   2865 |   3558 |   4 | 2115.8 |
    Slime Pits |    874 |    793 |     81 |    156 |    560 |   3 |  291.3 |
  Orcish Mines |   3558 |   3139 |    419 |   1391 |    978 |   2 | 1779.0 |
   Elven Halls |   3638 |   3311 |    327 |    196 |   1918 |   3 | 1212.7 |
        Vaults |   8638 |   7712 |    926 |   1796 |   4199 |   4 | 2159.5 |
        Depths |   5936 |   5254 |    682 |    934 |   2976 |   4 | 1484.0 |
           Zot |  11848 |  11144 |    704 |   5205 |   3725 |   5 | 2369.6 |
         Abyss |   1139 |   1139 |      0 |    171 |     20 |   4 |  284.8 |
         Trove |    172 |    172 |      0 |      0 |    128 |   1 |  172.0 |
      Ice Cave |   2854 |   2854 |      0 |   1983 |    117 |   1 | 2854.0 |
               +--------+--------+--------+--------+--------+-----+--------+

Top non-repeatable levels by time:
   Zot:5: 6090 daAuts
Shoals:4: 3830 daAuts
  Lair:5: 2998 daAuts
   IceCv: 2854 daAuts
Spider:4: 2810 daAuts
Shoals:2: 2588 daAuts
  Lair:2: 2460 daAuts
Spider:1: 2310 daAuts
Vaults:4: 2284 daAuts
     D:9: 2277 daAuts
Shoals:1: 2276 daAuts
Spider:3: 2191 daAuts
Vaults:3: 2189 daAuts
   Zot:4: 2175 daAuts
Vaults:2: 2113 daAuts
